 Dungeon Crawl Stone Soup version 0.18.1-5-g4a78601 (webtiles) character file.

9 Geppetto the Stinger (level 2, -1/22 HPs)
             Began as a Naga Venom Mage on May 10, 2016.
             Slain by a giant gecko (5 damage)
             ... on level 1 of the Dungeon.
             The game lasted 00:03:22 (158 turns).

Geppetto the Stinger (Naga Venom Mage)               Turns: 158, Time: 00:03:23

Health: -1/22      AC:  2    Str: 10    XL:     2   Next: 16%
Magic:  1/5        EV: 10    Int: 15    God:
Gold:   17         SH:  0    Dex: 11    Spells: 1 memorised, 4 levels left

rFire  . . .     SeeInvis +     e - +0 dagger
rCold  . . .     Gourm    .     a - +0 robe
rNeg   . . .     Faith    .     (no shield)
rPois  +         Spirit   .     (no helmet)
rElec  .         Dismiss  .     (no cloak)
rCorr  .         Reflect  .     d - +0 pair of gloves (curse)
SustAt .         Harm     .     (no barding)
MR     .....                    (no amulet)
Stlth  ++........               (no ring)
                                (no ring)

@: very slow, not resistant to hostile enchantments, unstealthy
A: see invisible, deformed body, poison resistance, slowness 2, slow metabolism
1, spit poison 2, AC +0
a: Spit Poison


You were on level 1 of the Dungeon.
You were not hungry.

You visited 1 branch of the dungeon, and saw 1 of its levels.

You collected 17 gold pieces.

Inventory:

Hand Weapons
 e - a +0 dagger (weapon)
Armour
 a - a +0 robe (worn)
 d - a cursed +0 pair of gloves (worn)
Books
 b - a Young Poisoner's Handbook

   Spells                             Type                      Level
   a - Sting                          Conjuration/Poison           1
   b - Cure Poison                    Poison                       2
   c - Mephitic Cloud                 Conjuration/Poison/Air       3
   d - Olgreb's Toxic Radiance        Poison                       4
   e - Venom Bolt                     Conjuration/Poison           5
Comestibles
 c - a bread ration


   Skills:
 - Level 1.5 Dodging
 - Level 3.0 Stealth
 - Level 2.0 Spellcasting
 * Level 1.7 Conjurations
 - Level 5.3 Poison Magic


You had 4 spell levels left.
You knew the following spells:

 Your Spells              Type           Power        Failure   Level  Hunger
a - Sting                 Conj/Pois      ##..         6%          1    #......


Dungeon Overview and Level Annotations

Branches:
Dungeon (1/15)

Altars:


Innate Abilities, Weirdness & Mutations

You cannot wear boots.
Your serpentine skin is tough (AC +0).
You have supernaturally acute eyesight.
Armour fits poorly on your strangely shaped body.
Your system is resistant to poisons.
You cover ground very slowly.
You have a slow metabolism.
You can spit poison.


Message History

A giant gecko comes into view.
The goblin barely misses you.
The kobold hits you from afar with a spear.
* * * LOW HITPOINT WARNING * * *
Unknown command.
You hit the goblin.
The goblin is severely wounded.
The goblin hits you but does no damage. The kobold hits you but does no damage.
You hit the goblin.
You kill the goblin!
The kobold hits you but does no damage.
Casting: Sting
Confirm with . or Enter, or press ? or * to list all spells.
Aiming: Sting
Press: ? - help, Shift-Dir - straight line, f - kobold
Aim: a kobold, wielding a spear The sting hits the kobold.
The kobold is poisoned.
You kill the kobold!
You closely miss the giant gecko. The giant gecko bites you.
You die...

... #.#### ♣.♣♣♣...♣♣(♣ #..
#....##♣♣...♣♣♣♣.♣♣ #.$ .....
♣♣8♣♣...♣♣. #..#########...#
♣♣♣<.♣♣♣.♣ . .). .........#
##♣♣♣♣♣..♣♣ . #.#.# ##...##..#
##...#....# #.
#.#.###.....#..###.....)...#
#..##.#†##)(.......##.......#.##
#..........)...l@.............#
##.##..†##........###........##
#.......(...### ##...^.#.##
#..........## ##...#.>.###
##.####.#..## #.##....... #.
#.....#######.##....### #.
#.............##.#.(... #.
#................###### ..
......############


You could see a giant gecko.

Vanquished Creatures
  A bat (D:1)
  3 goblins (D:1)
  3 kobolds (D:1)
  A rat (D:1)
8 creatures vanquished.

Notes
Turn   | Place    | Note
--------------------------------------------------------------
     0 | D:1      | Geppetto the Naga Venom Mage began the quest for the Orb.
     0 | D:1      | Reached XP level 1. HP: 15/15 MP: 3/3
   101 | D:1      | Reached skill level 1 in Conjurations
   145 | D:1      | Reached XP level 2. HP: 8/22 MP: 1/5
   158 | D:1      | Slain by a giant gecko

Skill      XL: |  1 |
---------------+----+-----
Conjurations   | 1 |  1.7
Dodging        | |  1.5
Stealth        | |  3.0
Spellcasting   | |  2.0
Poison Magic   | |  5.3

Action                   || total
-------------------------++-------
Melee: Dagger            ||    11
       Unarmed           ||     3
 Cast: Sting             ||    10
Armor: Robe              ||     4
Dodge: Dodged            ||     7
